 Seeded DCSS version 0.31-a0-538-gbc85326fa9 (webtiles) character file.

Game seed: 3826825538972431165 (custom seed)

854 innerfire43 the Ruffian (level 8, -15/60 HPs)
             Began as a Gnoll Shapeshifter on Aug 13, 2023.
             Demolished by Pikel
             ... wielding a +2 whip of electrocution
              (20 damage)
             ... on level 4 of the Dungeon.
             The game lasted 00:04:10 (2863 turns).

innerfire43 the Ruffian (Gnoll Shapeshifter)        Turns: 2863, Time: 00:04:10

Health: -15/60     AC:  2    Str: 16    XL:     8   Next: 1%
Magic:  14/14      EV: 14    Int:  7    God:
Gold:   277        SH:  0    Dex: 14    Spells: 15/15 levels left

rFire   . .          .
                       - Unarmed
rCold   + . .        (no shield)
rNeg    . . .        a - +0 animal skin
rPois   .            (helmet currently unavailable)
rElec   .            (cloak currently unavailable)
rCorr   .            (gloves currently unavailable)
SInv    +            (boots currently unavailable)
Will    .....        (no amulet)
Stlth   ++           t - ring of see invisible
HPRegen 0.30/turn    n - ring of protection from cold
MPRegen 0.14/turn

%: no passive effects
@: beast-form, studying Spellcasting
A: beast (slay +4), fangs 1, strong nose, distributed training
a: Begin Untransformation


You were on level 4 of the Dungeon.
You were a hulking beast.
You visited 1 branch of the dungeon, and saw 6 of its levels.

You collected 277 gold pieces.

Inventory:

Armour
 a - a +0 animal skin (worn)
Jewellery
 n - a ring of protection from cold (right hand)
 t - a ring of see invisible (left hand)
Talismans
 c - a beast talisman (active)
 d - a flux talisman
 q - a blade talisman
Scrolls
 b - 2 scrolls of enchant armour {unknown}
 e - 2 scrolls of vulnerability {unknown}
 f - a scroll of amnesia {unknown}
 h - a scroll of brand weapon {unknown}
 i - 3 scrolls of identify {unknown}
 j - 4 scrolls of noise {unknown}
 l - a scroll of torment {unknown}
Potions
 g - 2 potions of mutation {unknown}
 k - a potion of cancellation {unknown}
 m - a potion of brilliance {unknown}
 o - a potion of enlightenment {unknown}
 p - 2 potions of curing {unknown}
 r - a potion of attraction {unknown}
 s - a potion of invisibility {unknown}


   Skills:
 + Level 3.9 Fighting
 + Level 2.9 Short Blades
 + Level 2.9 Long Blades
 + Level 2.9 Axes
 + Level 2.9 Maces & Flails
 + Level 2.9 Polearms
 + Level 2.9 Staves
 + Level 2.9 Ranged Weapons
 + Level 2.9 Throwing
 + Level 2.9 Armour
 + Level 5.4 Dodging
 + Level 2.9 Stealth
 + Level 2.9 Shields
 + Level 7.2 Unarmed Combat
 + Level 4.3 Spellcasting
 + Level 2.3 Conjurations
 + Level 2.3 Hexes
 + Level 2.3 Summonings
 + Level 2.3 Necromancy
 + Level 2.3 Translocations
 + Level 2.3 Transmutations
 + Level 2.3 Fire Magic
 + Level 2.3 Ice Magic
 + Level 2.3 Air Magic
 + Level 2.3 Earth Magic
 + Level 2.3 Poison Magic
 + Level 3.2 Invocations
 + Level 2.9 Evocations
 + Level 7.0 Shapeshifting


You had 15 spell levels left.
You didn't know any spells.
Your spell library was empty.

Dungeon Overview and Level Annotations

Branches:
Dungeon (6/15)
 Temple: D:4-7

Altars:

Annotations:
D:4 Eustachio, Pikel


Innate Abilities, Weirdness & Mutations

You are a hulking beast.
Your limbs bulge with bestial killing power. (Slay +4)
You have very sharp teeth.
Your uncanny sense of smell can sniff out nearby items.
Your experience applies equally to all skills.


Message History

Eustachio hits you with a +0 rapier. The lemure hits you but does no damage.
There are monsters nearby!
You hit the lemure. Your bite misses the lemure.
The lemure is heavily wounded.
Pikel hits you with a +2 whip of electrocution.
The lemure completely misses you. Eustachio closely misses you.
The lemure attacks as you move away! The lemure hits you.
Pikel attacks as you move away!
Pikel hits you with a +2 whip of electrocution!
The adder barely misses you. The adder attacks as you move away!
The adder barely misses you. Pikel attacks as you move away!
Pikel hits you with a +2 whip of electrocution!
You are electrocuted!
* * * LOW HITPOINT WARNING * * *
Pikel attacks as you move away! Pikel barely misses you.
The adder attacks as you move away! The adder bites you.
* * * LOW HITPOINT WARNING * * *
Pikel says, "Hell isn't that bad."
Eustachio casts a spell.
Eustachio blinks!
The adder bites you.
* * * LOW HITPOINT WARNING * * *
You closely miss the adder. The adder barely misses you.
You closely miss the adder. The adder misses you.
You punch the adder!
The adder is almost dead.
The adder closely misses you.
You punch the adder!
You kill the adder!
You barely miss Pikel. Pikel misses you.
You punch Pikel!
Pikel is moderately wounded.
Pikel hits you with a +2 whip of electrocution.
* * * LOW HITPOINT WARNING * * *
You barely miss Pikel. Your punch misses Pikel.
Pikel is moderately wounded.
Pikel hits you with a +2 whip of electrocution.
* * * LOW HITPOINT WARNING * * *
You are electrocuted!!
You die...

###.####..# #..^......#
....######........ ...#.#
#[####### .. #.. ##.# . ..
#..# ∆ .. #. ##.##
...###.###55#############
..........5@5Kh.........##
....#.....##############.#
........### #.#
.....#...5....# #.#####
.... #.5......# ##.#...#
... #........# #..#.###
#........# #.##.#
#........# #....#
#.#.######## #..###


You could see Eustachio, Pikel and 4 lemures.

Vanquished Creatures
  Grinder (D:4)
  An ogre (D:4)
  A centaur (D:4)
  A scorpion (D:5)
  A hound (D:6)
  A jelly (D:4)
  3 orc priests
  Jessica (D:2)
  2 iguanas (D:4)
  A mummy (D:4)
  Robin (D:2)
  5 adders
  4 gnolls (D:3)
  A worm (D:3)
  A dart slug (D:1)
  9 orcs
  4 bats
  9 endoplasms
  4 giant cockroaches
  14 goblins
  9 hobgoblins
  2 jackals (D:2)
  4 kobolds
  2 quokkas
  5 ball pythons
  4 frilled lizards
  6 rats
97 creatures vanquished.

Notes
Turn   | Place    | Note
-------+----------+-------------------------------------------
     0 | D:1      | innerfire43 the Gnoll Shapeshifter began the quest for the
                  | Orb.
     0 | D:1      | Reached XP level 1. HP: 17/17 MP: 1/1
     6 | D:1      | Identified a scroll of acquirement
     6 | D:1      | Acquired a manual of Spellcasting
   197 | D:1      | Reached XP level 2. HP: 23/23 MP: 2/2
   255 | D:1      | Reached skill level 1 in Spellcasting
   362 | D:1      | Reached XP level 3. HP: 26/28 MP: 4/4
   653 | D:2      | Reached skill level 1 in Invocations
   672 | D:2      | Reached skill level 1 in Short Blades
   672 | D:2      | Reached skill level 1 in Long Blades
   672 | D:2      | Reached skill level 1 in Axes
   672 | D:2      | Reached skill level 1 in Maces & Flails
   672 | D:2      | Reached skill level 1 in Polearms
   672 | D:2      | Reached skill level 1 in Staves
   672 | D:2      | Reached skill level 1 in Ranged Weapons
   672 | D:2      | Reached skill level 1 in Throwing
   672 | D:2      | Reached skill level 1 in Armour
   672 | D:2      | Reached skill level 1 in Stealth
   672 | D:2      | Reached skill level 1 in Shields
   672 | D:2      | Reached skill level 1 in Evocations
   827 | D:2      | Reached XP level 4. HP: 34/34 MP: 6/6
   963 | D:2      | Noticed Jessica
   969 | D:2      | Killed Jessica
   970 | D:2      | Reached skill level 1 in Conjurations
   970 | D:2      | Reached skill level 1 in Hexes
   970 | D:2      | Reached skill level 1 in Summonings
   970 | D:2      | Reached skill level 1 in Necromancy
   970 | D:2      | Reached skill level 1 in Translocations
   970 | D:2      | Reached skill level 1 in Transmutations
   970 | D:2      | Reached skill level 1 in Fire Magic
   970 | D:2      | Reached skill level 1 in Ice Magic
   970 | D:2      | Reached skill level 1 in Air Magic
   970 | D:2      | Reached skill level 1 in Earth Magic
   970 | D:2      | Reached skill level 1 in Poison Magic
  1061 | D:2      | Noticed Robin
  1096 | D:2      | Killed Robin
  1097 | D:2      | Reached XP level 5. HP: 32/40 MP: 8/8
  1607 | D:3      | You fall into a shaft and drop 3 floors!
  1674 | D:5      | Entered Level 5 of the Dungeon
  1679 | D:5      | Reached XP level 6. HP: 44/47 MP: 8/10
  1720 | D:4      | Reached skill level 5 in Dodging
  1831 | D:4      | Reached XP level 7. HP: 52/52 MP: 12/12
  2410 | D:4      | Noticed Grinder
  2412 | D:4      | Paralysed by Grinder for 4 turns
  2437 | D:4      | Killed Grinder
  2662 | D:4      | Reached XP level 8. HP: 24/60 MP: 14/14
  2844 | D:4      | Noticed Eustachio
  2846 | D:4      | Noticed Pikel
  2863 | D:4      | Demolished by Pikel

Illustrated notes

Levels and vault maps discovered:
D:1:      roderic_crop_circles_arrival_large, layout_basic
D:2:      layout_basic, minmay_distorted, uniq_robin, uniq_jessica
D:3:      layout_basic, minivault_24, minmay_box_of_dots
D:4:      layout_rooms, nicolae_qazlal_eye_of_the_storm,
          mainiacjoe_overflow_chevrons, minmay_temple_entry_statues_fountains,
          gup_ossuary_entry_pyramid, nicolae_elevator_lobby_asterisk,
          uniq_grinder, uniq_eustachio, uniq_pikel, uniq_duvessa
D:5:      layout_cave_pods, uniq_blork_the_orc, uniq_sigmund
D:6:      layout_gridville, grunt_temple_overflow_champion_of_chaos,
          mainiacjoe_overflow_large_starburst, nicolae_kite_square_tiling_tiny,
          minmay_statues_item, grunt_decor_fettered

Skill      XL: |  1  2  3  4  5  6  7 |
---------------+----------------------+-----
Spellcasting   | 1 2 3 4 |  4.3
Invocations    | 1 2 3 |  3.2
Short Blades   | 1 2 |  2.9
Long Blades    | 1 2 |  2.9
Axes           | 1 2 |  2.9
Maces & Flails | 1 2 |  2.9
Polearms       | 1 2 |  2.9
Staves         | 1 2 |  2.9
Ranged Weapons | 1 2 |  2.9
Throwing       | 1 2 |  2.9
Armour         | 1 2 |  2.9
Stealth        | 1 2 |  2.9
Shields        | 1 2 |  2.9
Evocations     | 1 2 |  2.9
Conjurations   | 1 2 |  2.3
Hexes          | 1 2 |  2.3
Summonings     | 1 2 |  2.3
Necromancy     | 1 2 |  2.3
Translocations | 1 2 |  2.3
Transmutations | 1 2 |  2.3
Fire Magic     | 1 2 |  2.3
Ice Magic      | 1 2 |  2.3
Air Magic      | 1 2 |  2.3
Earth Magic    | 1 2 |  2.3
Poison Magic   | 1 2 |  2.3
Fighting       | 3 |  3.9
Dodging        | 5 |  5.4
Unarmed Combat | 7 |  7.2
Shapeshifting  | 7 |  7.0

Action                     |  1- 3 |  4- 6 |  7- 9 || total
---------------------------+-------+-------+-------++-------
  Melee: Unarmed           |    59 |    94 |    76 ||   229
         Bite              |     7 |     8 |     9 ||    24
         Punch             |     1 |     2 |     3 ||     6
    Use: Scroll            |     1 |       |       ||     1
         Potion            |       |     1 |       ||     1
   Stab: Sleeping          |     1 |     4 |     2 ||     7
 Armour: Animal skin       |     6 |     6 |    11 ||    23
         Skin              |       |    21 |       ||    21
  Dodge: Dodged            |    38 |    58 |    53 ||   149

Table legend: (Time is in decaauts)
 A = Elapsed time spent in this place.
 B = Non-inter-level travel time spent in this place.
 C = Inter-level travel time spent in this place.
 D = Time resting spent in this place.
 E = Time spent auto-exploring this place.
 F = Levels seen in this place.
 G = Mean time per level.
                   A        B        C        D        E       F      G
               +--------+--------+--------+--------+--------+-----+--------+
         Total |   2831 |   2770 |     61 |      0 |   2194 |   6 |  471.8 |
       Dungeon |   2831 |   2770 |     61 |      0 |   2194 |   6 |  471.8 |
               +--------+--------+--------+--------+--------+-----+--------+

Top non-repeatable levels by time:
     D:3: 840 daAuts
     D:2: 663 daAuts
     D:4: 633 daAuts
     D:1: 618 daAuts
     D:6: 66 daAuts
     D:5: 9 daAuts
